 Dungeon Crawl Stone Soup version 0.19-a0-593-gf2cdb02 (webtiles) character file.

252522 Aksej the Severer (level 18, -4/146 HPs)
             Began as a Demonspawn Gladiator on June 10, 2016.
             Was the Champion of Qazlal.
             Killed from afar by a raiju (9 damage)
             ... with a living lightning
             ... on level 2 of the Abyss.
             The game lasted 02:04:52 (29735 turns).

Aksej the Severer (Demonspawn Gladiator)           Turns: 29735, Time: 02:04:53

Health: -4/146     AC: 40    Str: 18      XL:     18   Next: 97%
Magic:  0/20       EV:  4    Int: 19 (20) God:    Qazlal [******]
Gold:   2886       SH:  8    Dex: 12      Spells: 4 memorised, 18 levels left

rFire  + + +     SeeInvis +     a - +9 war axe "Poukaqath" {elec, rF++ Int+4}
rCold  . . .     Gourm    .     v - +8 orange crystal plate armour {Archmagi, Int+3 Clar SustAt}
rNeg   . . .     Faith    .     (no shield)
rPois  +         Spirit   .     (helmet unavailable)
rElec  .         Dismiss  .     Y - +2 cloak {rF+}
rCorr  .         Reflect  .     Q - +2 pair of gloves
SustAt +         Harm     .     (no boots)
MR     +....     Clarity  +     i - amulet of regeneration
Stlth  ..........               p - ring of poison resistance
                                h - ring of see invisible

@: very slightly contaminated, non-regenerating, repel missiles, somewhat
resistant to hostile enchantments, extremely unstealthy
A: hooves 1, horns 3, molten scales 2, blurry vision 2, clever 1, clumsy 2,
deterioration 2, frail 3, low mp 3, nightstalker 2, robust 3, screaming 3, slow
regeneration 3, spiny 2, strong 1, weak 2, augmentation 1, no device heal 1,
MP-powered wands
a: Upheaval, Elemental Force, Disaster Area, Renounce Religion
}: 2/15 runes: decaying, gossamer


You were on level 2 of the Abyss.
You worshipped Qazlal.
Qazlal was exalted by your worship.
You were not hungry.

You visited 6 branches of the dungeon, and saw 32 of its levels.
You visited the Abyss 1 time.
You also visited: Labyrinth, Bailey, Ice Cave and Volcano.

You collected 4034 gold pieces.
You spent 1148 gold pieces at shops.

Inventory:

Hand Weapons
 a - the +9 war axe "Poukaqath" (weapon) {elec, rF++ Int+4}
   (You found it on level 8 of the Dungeon)

   Occasionally, upon striking a foe, it will discharge some electrical energy
   and cause terrible harm.
   It affects your intelligence (+4).
   It greatly protects you from fire.
 b - a +9 scimitar of flaming
Missiles
 d - 6 throwing nets (quivered)
 e - 27 tomahawks of returning
 l - 42 tomahawks
 q - 7 poisoned tomahawks
 r - 8 steel tomahawks
 A - 2 tomahawks of dispersal
 C - 10 javelins
 P - an exploding tomahawk
Armour
 v - the +8 orange crystal plate armour (worn) {Archmagi, Int+3 Clar SustAt}
   (You found it on level 7 of the Dungeon)

   It affects your intelligence (+3).
   It sustains your strength, intelligence and dexterity.
   It protects you against confusion.
 Q - a +2 pair of gloves (worn)
 Y - a +2 cloak of fire resistance (worn)
Jewellery
 h - a ring of see invisible (left hand)
 i - an amulet of regeneration (around neck)
 p - a ring of poison resistance (right hand)
Wands
 s - a wand of hasting (4/9)
 D - a wand of hasting (5/9)
 H - a wand of teleportation (8/9)
 J - a wand of disintegration (13/24)
 L - a wand of digging (15/24)
 R - a wand of random effects (19/48)
 S - a wand of enslavement (15/24)
 W - a wand of teleportation (2/9)
Scrolls
 o - a scroll of brand weapon
 t - a scroll of amnesia
 x - a scroll of fear
 y - 4 scrolls of teleportation
 F - 10 scrolls of remove curse
 M - 3 scrolls of enchant armour
 O - 6 scrolls of recharging
Potions
 k - 5 potions of ambrosia
 m - 2 potions of berserk rage
 n - 7 potions of curing
 w - 3 potions of might
 z - 3 potions of magic
 B - a potion of invisibility
 I - 3 potions of flight
 K - 5 potions of agility
 N - 2 potions of brilliance
 U - 6 potions of resistance
 V - a potion of cure mutation
 X - a potion of cancellation
Comestibles
 c - 3 slices of pizza
 f - 20 bread rations
 g - 11 meat rations
 j - 13 fruits
 T - a beef jerky
 Z - 2 royal jellies


   Skills:
 * Level 14.2 Fighting
 + Level 10.5 Long Blades
 * Level 18.1 Axes
 - Level 1.7 Throwing
 + Level 12.4 Armour
 - Level 5.1 Dodging
 + Level 6.1 Spellcasting
 + Level 5.6 Charms
 + Level 6.4 Translocations
 + Level 14.6 Invocations
 + Level 6.4 Evocations


You had 18 spell levels left.
You knew the following spells:

 Your Spells              Type           Power        Failure   Level  Hunger
a - Haste                 Chrm           #####...     100%        6    #######
b - Apportation           Tloc           #####.....   83%         1    None
c - Blink                 Tloc           N/A          95%         2    None
d - Swiftness             Chrm/Air       ###.....     100%        2    None


Dungeon Overview and Level Annotations

Branches:
Dungeon (15/15)            Temple (0/1) D:6            Lair (6/6) D:9
  Swamp (4/4) Lair:3       Spider (4/4) Lair:4        Slime (0/5) Lair:5
    Orc (2/2) D:11            Elf (1/3) Orc:2        Vaults (0/5) D:13
 Depths (0/5) D:15

Altars:
Dithmenos
Fedhas
Makhleb
Okawaru
Pakellas
Qazlal
Vehumet
Xom
Beogh
Jiyva

Shops:
D:11 *   Orc:1 %   Orc:2 *=*([

Portals:
Trove: D:11 (give 9 potions of agility)

Annotations:
D:7 exclusion: ice statue


Innate Abilities, Weirdness & Mutations

You have a pair of large horns on your head.
You are mostly covered in molten scales. (AC +3, EV -1)
You are significantly more attuned to the shadows.
You are mostly covered in sharp spines.
Your magical and physical power is slightly enhanced at high health.
You have large cloven feet.
Your mind is acute. (Int +2)
You are extremely robust. (+30% HP)
Your muscles are strong. (Str +2)
[Scrolls take you longer to read.]
[You are very clumsy. (Dex -4)]
[Your body often deteriorates upon taking damage.]
[You are extremely frail. (-30% HP)]
[Your magical capacity is extremely low. (-30% MP)]
[You frequently scream uncontrollably at your foes.]
[You do not regenerate naturally.]
[You are very weak. (Str -4)]
[Potions and wands are less effective at restoring your health.]
[You expend magic power (3 MP) to strengthen your wands.]


Message History

You feel your power leaking away.
You slash the lorocyproca!
The lorocyproca is moderately wounded.
You hear a roar!
You slash the lorocyproca!
The lorocyproca is heavily wounded.
You hear a roar!
The lorocyproca is struck by your spines.
The lorocyproca barely misses you.
You slash the lorocyproca! You headbutt the lorocyproca.
The lorocyproca is severely wounded.
The lorocyproca hits you.
* * * LOW HITPOINT WARNING * * *
You feel your power leaking away.
You hit the lorocyproca. Your kick misses the lorocyproca.
The lorocyproca is severely wounded.
The raiju bursts into living lightning!
The living lightning hits the lorocyproca.
The lorocyproca resists.
The living lightning hits you!
You die...

######
#$..@#
####2## #
# ##h##.##
..5..≈ h
#.##5##.##
#. #5## #
### . #≈##
#.#


You could see a lorocyproca (invisible), a raiju, 2 iron imps and a shadow imp.

Vanquished Creatures
  A bone dragon (Swamp:4)
  Nikola (Swamp:1)
  Arachne (Spider:3)
  Asterion (Spider:3)
  Frances (Spider:1)
  A tentacled starspawn (Abyss:2)
  A sphinx (Abyss:2)
  3 thorn hunters
  Aizul (Spider:1)
  Louise (Spider:3)
  8 emperor scorpions
  2 orc warlords
  A deep elf sorcerer (Abyss:2)
  A frost giant (IceCv)
  4 ghost moths
  A very ugly thing (Swamp:4)
  A stone giant (Orc:2)
  Azrael (Spider:1)
  A spark wasp (Spider:3)
  An ettin (D:15)
  A minotaur (Lab)
  2 ogre magi (D:15)
  Fannar (Orc:1)
  2 entropy weavers
  A rakshasa (Abyss:2)
  A great orb of eyes (Abyss:2)
  A catoblepas (Lair:6)
  11 hydras
  2 ghost crabs (Swamp:4)
  The ghost of removeelyvilon the Nimble, a journeyman VSTm of Cheibriados (D:12)
  Erica (D:8)
  Erolcha (Orc:1)
  4 dancing weapons (Elf:1)
  16 alligators
  5 centaur warriors
  3 tengu warriors
  5 death yaks
  A deep troll shaman (Lair:6)
  Urug (D:10)
  5 orc high priests (Orc:2)
  A deep elf knight (Orc:2)
  Sonja (D:13)
  2 wretched stars (Abyss:2)
  A fire crab (Lair:5)
  A wizard (Swamp:4)
  3 skeletal warriors (D:15)
  A deep troll (D:15)
  4 spriggan druids
  A death drake (Swamp:4)
  7 swamp dragons
  5 large abominations (Abyss:2)
  A lindwurm (Lair:6)
  3 unseen horrors
  3 deep elf archers
  A shambling mangrove (Swamp:1)
  Pikel (D:8)
  2 spectral hydras (Swamp:4)
  5 orc knights
  A phantasmal warrior (Swamp:4)
  A lindwurm (shapeshifter) (D:12)
  21 orb spiders
  10 hill giants
  3 manticores
  4 hornets
  5 orc sorcerers (Orc:2)
  14 ugly things
  26 wolf spiders
  14 deep elf magi
  3 cyclopes
  2 moths of wrath
  A worldbinder (Abyss:2)
  2 griffons
  A faun (shapeshifter) (D:13)
  3 centaur zombies
  18 elephants
  5 black mambas
  An ice statue (IceCv)
  A molten gargoyle (Volcano)
  A guardian serpent (Abyss:2)
  An apocalypse crab (Abyss:2)
  2 torpor snails
  9 gargoyles
  A smoke demon (Abyss:2)
  2 centaur skeletons
  17 spiny frogs
  4 rime drakes
  An efreet (Abyss:2)
  A komodo dragon (shapeshifter) (D:13)
  6 komodo dragons
  15 demonic crawlers
  2 swamp worm zombies (Swamp:4)
  A kobold demonologist (D:14)
  4 hydra zombies (Swamp:4)
  19 polar bears
  6 trolls
  A wind drake (shapeshifter) (D:13)
  6 meliai
  Grinder (D:3)
  6 two-headed ogres
  A raiju (Abyss:2)
  5 giant leeches
  30 jumping spiders
  20 blink frogs
  A boulder beetle (Spider:1)
  9 bog bodies
  4 spectral swamp dragons (Swamp:4)
  14 slime creatures
  5 alligator zombies (Swamp:4)
  A centaur simulacrum (D:14)
  69 redbacks
  Sigmund (D:5)
  2 air elementals (Elf:1)
  7 spriggans
  3 shadows
  A wraith (D:13)
  42 yaks
  A ynoxinul (Abyss:2)
  32 tarantellas
  10 starcursed masses (Abyss:2)
  3 wyverns
  Eustachio (D:6)
  4 fire elementals (Spider:1)
  10 hippogriffs
  24 vampire mosquitoes
  A warg (Orc:1)
  A hungry ghost (D:15)
  2 chaos spawn (Abyss:2)
  A soldier ant (D:12)
  21 insubstantial wisps
  14 water moccasins
  18 swamp worms
  3 hell hounds (Spider:1)
  38 orc warriors
  5 porcupines
  4 swamp drakes
  3 ice beasts
  2 eyes of draining
  4 sky beasts
  4 slaves (D:8)
  A black bear (D:12)
  5 wasps
  2 small abominations (Abyss:2)
  13 phantoms
  14 ogres
  24 wolves
  3 necrophages
  3 swamp dragon zombies (Swamp:4)
  11 centaurs
  8 crocodiles
  4 big kobolds
  19 giant frogs
  3 scorpions
  12 killer bees
  13 wights
  4 howler monkeys
  6 electric eels
  7 crimson imps
  4 giant frog zombies
  6 hounds
  4 jellies
  A quasit (D:8)
  20 orc priests
  19 orc wizards
  5 giant frog skeletons
  Terence (D:2)
  Crazy Yiuf (D:3)
  10 iguanas
  9 worker ants
  24 sheep
  A hound zombie (D:7)
  7 hound skeletons
  A worker ant zombie (D:6)
  20 adders
  17 gnolls
  A howler monkey skeleton (D:5)
  2 swamp drake zombies (Swamp:4)
  36 river rats
  A shadow imp (D:12)
  13 white imps
  An ufetubus (Abyss:2)
  4 oozes
  An adder zombie (D:9)
  An adder skeleton (D:4)
  4 worms
  5 dart slugs
  10 giant geckos
  85 orcs
  9 giant cockroaches
  11 goblins
  8 hobgoblins
  7 jackals
  6 quokkas
  4 ball pythons
  4 bats
  3 giant newts
  39 kobolds
  A quokka zombie (D:7)
  9 rats
  7 briar patches (Swamp:2)
  62 fungi
  51 plants
1491 creatures vanquished.

Vanquished Creatures (collateral kills)
  A starcursed mass (Abyss:2)
  A cacodemon (Abyss:2)
  A wretched star (Abyss:2)
  A giant orange brain (Abyss:2)
  An apocalypse crab (Abyss:2)
  2 ancient zymes (Abyss:2)
  A raiju (Abyss:2)
  A ynoxinul (Abyss:2)
  An ice beast (Abyss:2)
  A big kobold (Abyss:2)
11 creatures vanquished.

Vanquished Creatures (others)
  3 hydras (Swamp:4)
  4 blink frogs (Swamp:4)
  A bog body (Swamp:1)
  A redback (Spider:2)
  A wyvern (D:3)
  3 yaks (IceCv)
  A small abomination (Abyss:2)
  A spatial vortex (Abyss:2)
  A sky beast (D:15)
  A swamp drake (Swamp:1)
  A wolf (IceCv)
  A bush (Lair:6)
  3 fungi
  4 plants
  5 starspawn tentacles (Abyss:2)
  38 starspawn tentacle segments (Abyss:2)
  4 toadstools (Swamp:2)
73 creatures vanquished.

Grand Total: 1575 creatures vanquished

Notes
Turn   | Place    | Note
--------------------------------------------------------------
     0 | D:1      | Aksej the Demonspawn Gladiator began the quest for the Orb.
     0 | D:1      | Reached XP level 1. HP: 16/16 MP: 1/1
   165 | D:1      | Reached skill level 3 in Axes
   165 | D:1      | Gained mutation: You are slightly more attuned to the shadows. [demonic ancestry]
   165 | D:1      | Reached XP level 2. HP: 22/22 MP: 2/2
   706 | D:1      | Reached XP level 3. HP: 20/28 MP: 3/3
   953 | D:2      | Reached XP level 4. HP: 28/34 MP: 4/4
  1215 | D:2      | Noticed Terence
  1228 | D:2      | Killed Terence
  1228 | D:2      | Reached skill level 4 in Axes
  1470 | D:3      | Noticed Crazy Yiuf
  1477 | D:3      | Killed Crazy Yiuf
  1477 | D:3      | Gained mutation: You are significantly more attuned to the shadows. [demonic ancestry]
  1477 | D:3      | Reached XP level 5. HP: 41/41 MP: 5/5
  1631 | D:3      | Noticed Grinder
  1654 | D:3      | Killed Grinder
  1654 | D:3      | Reached skill level 5 in Axes
  1654 | D:3      | Gained mutation: You have a pair of small horns on your head. [demonic ancestry]
  1654 | D:3      | Reached XP level 6. HP: 26/48 MP: 6/6
  1905 | D:3      | Found an oddly glowing altar of Pakellas.
  1905 | D:3      | Noticed an orange crystal statue
  1935 | D:3      | Killed a wyvern
  2359 | D:4      | Gained mutation: You have a pair of horns on your head. [demonic ancestry]
  2359 | D:4      | Reached XP level 7. HP: 51/55 MP: 7/7
  2402 | D:4      | Reached skill level 6 in Axes
  2465 | D:4      | Gained mutation: [Scrolls take you a little longer to read.] [potion of mutation]
  2465 | D:4      | Gained mutation: [You are frail. (-10% HP)] [potion of mutation]
  2465 | D:4      | Lost mutation: [You are frail. (-10% HP)] [potion of mutation]
  2466 | D:4      | Gained mutation: You have sharp toenails. [potion of mutation]
  2466 | D:4      | Gained mutation: You are resistant to hostile enchantments. (MR+) [potion of mutation]
  2466 | D:4      | Lost mutation: You have sharp toenails. [potion of mutation]
  2788 | D:5      | Entered Level 5 of the Dungeon
  2797 | D:5      | Reached skill level 5 in Fighting
  2799 | D:5      | Reached skill level 5 in Dodging
  2799 | D:5      | Gained mutation: You are partially covered in sharp spines. [demonic ancestry]
  2799 | D:5      | Reached XP level 8. HP: 48/62 MP: 8/8
  2869 | D:5      | Reached skill level 7 in Axes
  2897 | D:5      | Found a burning altar of Makhleb.
  2974 | D:5      | Reached skill level 1 in Armour
  3309 | D:5      | Found a radiant altar of Vehumet.
  3458 | D:5      | Noticed Sigmund
  3465 | D:5      | Killed Sigmund
  3586 | D:5      | Found a stormy altar of Qazlal.
  3586 | D:5      | Found an iron altar of Okawaru.
  3590 | D:5      | Became a worshipper of Qazlal Stormbringer
  3623 | D:5      | Found a burning altar of Makhleb.
  3626 | D:5      | Found a shimmering altar of Xom.
  3774 | D:6      | Found a staircase to the Ecumenical Temple.
  3914 | D:6      | Reached skill level 8 in Axes
  3923 | D:6      | Reached XP level 9. HP: 27/69 MP: 9/9
  4250 | D:6      | Noticed Eustachio
  4271 | D:6      | Reached * piety under Qazlal
  4280 | D:6      | Killed Eustachio
  4356 | D:6      | Found a burning altar of Makhleb.
  4360 | D:6      | Reached skill level 9 in Axes
  4786 | D:7      | Noticed an ice statue
  4904 | D:7      | Reached ** piety under Qazlal
  4906 | D:7      | Reached XP level 10. HP: 79/79 MP: 10/10
  4966 | D:7      | Lost mutation: You are resistant to hostile enchantments. (MR+) [potion of cure mutation]
  4966 | D:7      | Lost mutation: [Scrolls take you a little longer to read.] [potion of cure mutation]
  4972 | D:8      | Noticed Erica
  4979 | D:8      | Killed Erica
  4979 | D:8      | Reached skill level 10 in Axes
  5074 | D:8      | Noticed Pikel
  5116 | D:8      | Killed Pikel
  5116 | D:8      | Reached skill level 5 in Armour
  5370 | D:8      | Got a slimy war axe
  5371 | D:8      | Identified the +9 war axe "Poukaqath" {elec, rF++ Int+4} (You found it on level 8 of the Dungeon)
  5653 | D:9      | Found a blossoming altar of Fedhas.
  5914 | D:9      | Reached skill level 11 in Axes
  6049 | D:9      | Gained mutation: Your flesh is heat resistant. (rF+) [potion of mutation]
  6049 | D:9      | Gained mutation: You are robust. (+10% HP) [potion of mutation]
  6049 | D:9      | Gained mutation: You are dopey. (Int -2) [potion of mutation]
  6065 | D:9      | Found a staircase to the Lair.
  6069 | D:9      | Identified a scroll of acquirement
  6208 | D:10     | Entered Level 10 of the Dungeon
  6221 | D:10     | Noticed a hill giant
  6227 | D:10     | Killed a hill giant
  6227 | D:10     | Reached skill level 1 in Invocations
  6238 | D:10     | Noticed a gargoyle
  6243 | D:10     | Killed a gargoyle
  6310 | D:10     | Found a flagged portal.
  6317 | Bailey   | Entered a bailey
  6340 | Bailey   | Noticed an orc knight
  6340 | Bailey   | Noticed an orc knight
  6349 | Bailey   | Killed an orc knight
  6349 | Bailey   | Reached XP level 11. HP: 62/95 MP: 12/12
  6352 | Bailey   | Reached *** piety under Qazlal
  6353 | Bailey   | Killed an orc knight
  6852 | D:10     | Noticed Urug
  6866 | D:10     | Killed Urug
  6887 | D:10     | Found a runed door.
  7141 | D:10     | Killed an unseen horror
  7634 | D:10     | Reached **** piety under Qazlal
  7663 | D:10     | Found a roughly hewn altar of Beogh.
  7834 | D:11     | Reached skill level 12 in Axes
  7872 | D:11     | Reached skill level 5 in Invocations
  7901 | D:11     | Found a portal to a secret trove of treasure.
  7918 | D:11     | Noticed a seven-headed hydra
  7922 | D:11     | Killed a five-headed hydra
  7935 | D:11     | Noticed a hill giant
  7941 | D:11     | Killed a hill giant
  8230 | D:11     | Noticed a hill giant
  8236 | D:11     | Killed a hill giant
  8236 | D:11     | Reached skill level 1 in Long Blades
  8623 | D:11     | Gained mutation: You are mostly covered in sharp spines. [demonic ancestry]
  8623 | D:11     | Reached XP level 12. HP: 93/106 MP: 16/16
  8669 | D:11     | Found a staircase to the Orcish Mines.
  8674 | D:11     | Reached ***** piety under Qazlal
  8697 | D:11     | Found a roughly hewn altar of Beogh.
  8948 | D:11     | Found Loimees's Island Escapes.
  9112 | D:12     | Noticed removeelyvilon's ghost (journeyman VSTm)
  9118 | D:12     | Reached skill level 10 in Fighting
  9143 | D:12     | Killed removeelyvilon's ghost
  9153 | D:12     | Gained mutation: Your natural rate of healing is unusually fast. [mutagenic meat]
  9154 | D:12     | Gained mutation: You are very dopey. (Int -4) [mutagenic meat]
  9163 | D:12     | Noticed a centaur warrior
  9167 | D:12     | Killed a centaur warrior
  9167 | D:12     | Reached skill level 13 in Axes
  9569 | D:12     | Learned a level 6 spell: Haste
  9741 | D:13     | Noticed a tengu warrior
  9752 | D:13     | Killed a tengu warrior
  9863 | D:13     | Noticed Sonja
  9909 | D:13     | Gained mutation: Your flesh is very heat resistant. (rF++) [mutagenic meat]
  9910 | D:13     | Gained mutation: Your system is resistant to poisons. (rPois) [mutagenic meat]
  9911 | D:13     | Lost mutation: Your flesh is very heat resistant. (rF++) [mutagenic meat]
  9912 | D:13     | Gained mutation: You are very robust. (+20% HP) [mutagenic meat]
  9916 | D:13     | Killed Sonja
 10008 | D:13     | Gained mutation: You are partially covered in molten scales. (AC +1) [demonic ancestry]
 10008 | D:13     | Reached XP level 13. HP: 119/124 MP: 19/19
 10045 | D:13     | Found a gate to the Vaults.
 10156 | D:13     | Reached ****** piety under Qazlal
 10165 | D:13     | Gained mutation: You are agile. (Dex +2) [mutagenic meat]
 10805 | D:14     | Found a roughly hewn altar of Beogh.
 10853 | D:14     | Reached skill level 5 in Long Blades
 11078 | D:14     | Reached skill level 14 in Axes
 11133 | D:14     | Gained mutation: [Your magical capacity is low. (-10% MP)] [mutagenic meat]
 11135 | D:14     | Lost mutation: Your natural rate of healing is unusually fast. [mutagenic meat]
 11137 | D:14     | Lost mutation: Your flesh is heat resistant. (rF+) [mutagenic meat]
 11456 | D:15     | Entered Level 15 of the Dungeon
 11581 | D:15     | Paralysed by an ogre mage for 3 turns
 11598 | D:15     | Noticed an ettin
 11611 | D:15     | Killed an ettin
 11611 | D:15     | Reached skill level 10 in Invocations
 11635 | D:15     | Reached XP level 14. HP: 56/135 MP: 19/19
 11772 | D:15     | Found a staircase to the Depths.
 12061 | D:15     | Lost mutation: You are very dopey. (Int -4) [mutagenic meat]
 12062 | D:15     | Lost mutation: You are dopey. (Int -2) [mutagenic meat]
 12063 | D:15     | Lost mutation: You are agile. (Dex +2) [mutagenic meat]
 12064 | D:15     | Gained mutation: [You occasionally shout uncontrollably at your foes.] [mutagenic meat]
 12065 | D:15     | Gained mutation: You evolve. [mutagenic meat]
 12079 | D:15     | Found a shadowy altar of Dithmenos.
 12432 | D:15     | Gained mutation: You are agile. (Dex +2) [evolution]
 12633 | Lair:1   | Entered Level 1 of the Lair of Beasts
 13425 | Lair:2   | Found an iron altar of Okawaru.
 13725 | Lair:2   | Learned a level 1 spell: Apportation
 13728 | Lair:2   | Learned a level 2 spell: Blink
 14163 | Lair:3   | Reached skill level 15 in Axes
 14180 | Lair:3   | Reached skill level 10 in Armour
 14231 | Lair:3   | Found a dark tunnel.
 14238 | Volcano  | Entered a volcano
 15010 | Lair:3   | Found a staircase to the Swamp.
 15454 | Lair:4   | Found a frozen archway.
 15469 | IceCv    | Entered an ice cave
 15729 | IceCv    | Lost mutation: You are agile. (Dex +2) [potion of mutation]
 15729 | IceCv    | Lost mutation: Your system is resistant to poisons. (rPois) [potion of mutation]
 15729 | IceCv    | Gained mutation: Your mind is acute. (Int +2) [potion of mutation]
 15923 | IceCv    | Noticed a frost giant
 15936 | IceCv    | Killed a frost giant
 16341 | Lair:4   | Gained mutation: You are mostly covered in molten scales. (AC +3, EV -1) [demonic ancestry]
 16341 | Lair:4   | Reached XP level 15. HP: 125/145 MP: 21/21
 16431 | Lair:4   | Got a faintly glowing hand axe
 16777 | Lair:4   | Found a hole to the Spider Nest.
 17337 | Lair:5   | Found a staircase to the Slime Pits.
 17349 | Lair:5   | Found a labyrinth entrance.
 17356 | Lab      | Entered a labyrinth
 18291 | Lair:5   | Found a viscous altar of Jiyva.
 18601 | Lair:6   | Entered Level 6 of the Lair of Beasts
 19205 | Lair:6   | Reached skill level 16 in Axes
 19810 | Orc:1    | Entered Level 1 of the Orcish Mines
 19814 | Orc:1    | Noticed Erolcha
 19820 | Orc:1    | Killed Erolcha
 19953 | Orc:2    | Entered Level 2 of the Orcish Mines
 19967 | Orc:2    | Found Waseguas's Antique Armour Shoppe.
 19990 | Orc:2    | Noticed an orc warlord
 20009 | Orc:2    | Killed an orc warlord
 20082 | Orc:2    | Bought a warped plate armour for 588 gold pieces
 20082 | Orc:2    | Identified the cursed +1 plate armour "Zitot" {rF+ rC+ MR+} (You bought it in a shop on level 2 of the Orcish Mines)
 20152 | Orc:1    | Noticed an orc warlord
 20166 | Orc:1    | Killed an orc warlord
 20269 | Orc:1    | Noticed Fannar
 20276 | Orc:1    | Killed Fannar
 20276 | Orc:1    | Reached skill level 1 in Translocations
 20310 | Orc:1    | Found Iryckuiz's Food Shop.
 20529 | Orc:1    | Gained mutation: You have large cloven feet. [evolution]
 20583 | Orc:2    | Found a staircase to the Elven Halls.
 20731 | Orc:2    | Found Hevvixie's Jewellery Shoppe.
 20760 | Orc:2    | Reached skill level 1 in Charms
 20760 | Orc:2    | Reached XP level 16. HP: 156/156 MP: 22/22
 20881 | Orc:2    | Found Quh Jocs's General Store.
 20960 | Orc:2    | Reached skill level 1 in Evocations
 20969 | Orc:2    | Reached skill level 1 in Spellcasting
 21009 | Orc:2    | Found Ofobaebbi's Antique Weapon Boutique.
 21015 | Orc:2    | Bought a brightly glowing war axe for 272 gold pieces
 21015 | Orc:2    | Identified the +4 war axe of Triumph {drain, Int+4} (You bought it in a shop on level 2 of the Orcish Mines)
 21022 | Orc:2    | Found Rirphume's General Store.
 21028 | Orc:2    | Bought a scroll of identify for 28 gold pieces
 21167 | Orc:2    | Bought an uncursed ring of poison resistance for 260 gold pieces
 21369 | Swamp:1  | Entered Level 1 of the Swamp
 21406 | Swamp:1  | Noticed Nikola
 21417 | Swamp:1  | Killed Nikola
 22242 | Swamp:2  | Noticed a thorn hunter
 22256 | Swamp:2  | Killed a thorn hunter
 22380 | Swamp:2  | Noticed a thorn hunter
 22386 | Swamp:2  | Killed a thorn hunter
 22387 | Swamp:2  | Lost mutation: [Your magical capacity is low. (-10% MP)] [evolution]
 22700 | Swamp:2  | Learned a level 2 spell: Swiftness
 24089 | Swamp:4  | Entered Level 4 of the Swamp
 24099 | Swamp:4  | Noticed a thorn hunter
 24109 | Swamp:4  | Killed a thorn hunter
 24368 | Swamp:4  | Gained mutation: Your magical and physical power is slightly enhanced at high health. [demonic ancestry]
 24368 | Swamp:4  | Reached XP level 17. HP: 109/163 MP: 27/27
 24376 | Swamp:4  | Reached skill level 17 in Axes
 24617 | Swamp:4  | Noticed a bone dragon
 24643 | Swamp:4  | Killed a bone dragon
 24722 | Swamp:4  | Got a decaying rune of Zot
 25388 | Spider:1 | Entered Level 1 of the Spider Nest
 25400 | Spider:1 | Got a crude lapis lazuli ring
 25603 | Spider:1 | Noticed Frances
 25614 | Spider:1 | Killed Frances
 25625 | Spider:1 | Gained mutation: [You expend magic power (3 MP) to strengthen your wands.] [potion of mutation]
 25625 | Spider:1 | Gained mutation: You are extremely robust. (+30% HP) [potion of mutation]
 25625 | Spider:1 | Lost mutation: You evolve. [potion of mutation]
 25626 | Spider:1 | Gained mutation: Your muscles are strong. (Str +2) [potion of mutation]
 25626 | Spider:1 | Lost mutation: [You expend magic power (3 MP) to strengthen your wands.] [potion of mutation]
 25643 | Spider:1 | Noticed Azrael
 25653 | Spider:1 | Killed Azrael
 25685 | Spider:1 | Noticed Aizul
 25700 | Spider:1 | Killed Aizul
 26813 | Spider:2 | Identified the ring "Wileedyck" {Wiz rF+ Str-4 Int+4} (You acquired it on level 1 of the Spider Nest)
 26852 | Spider:3 | Reached skill level 5 in Evocations
 26859 | Spider:3 | Reached skill level 5 in Translocations
 26864 | Spider:3 | Noticed Asterion
 26873 | Spider:3 | Noticed Louise
 26880 | Spider:3 | Killed Asterion
 26888 | Spider:3 | Killed Louise
 26892 | Spider:3 | Reached skill level 10 in Long Blades
 26904 | Spider:3 | Noticed Arachne
 26910 | Spider:3 | Gained mutation: You have a pair of large horns on your head. [demonic ancestry]
 26910 | Spider:3 | Reached XP level 18. HP: 78/185 MP: 28/28
 26940 | Spider:3 | Killed Arachne
 26940 | Spider:3 | Reached skill level 5 in Spellcasting
 27688 | Spider:4 | Entered Level 4 of the Spider Nest
 27862 | Spider:4 | Reached skill level 5 in Charms
 28350 | Spider:4 | Got a gossamer rune of Zot
 29012 | Elf:1    | Entered Level 1 of the Elven Halls
 29380 | Elf:1    | Reached skill level 18 in Axes
 29400 | Elf:1    | Got an ancient great sword
 29401 | Elf:1    | Identified the +5 great sword of Ulemuru {pain, +Rage} (You found it on level 1 of the Elven Halls)
 29415 | Elf:1    | Cast into level 2 of the Abyss (a deep elf sorcerer)
 29463 | Abyss:2  | Found a corrupted altar of Lugonu.
 29478 | Abyss:2  | Found a deep blue altar of Sif Muna.
 29530 | Abyss:2  | Found a deep blue altar of Sif Muna.
 29734 | Abyss:2  | HP: 5/146 [lorocyproca (3)]
 29735 | Abyss:2  | Killed from afar by a raiju

Vault maps used:
D:1:      lightli_arrival_statue_moat
D:2:      minmay_misc_feat_pillars, uniq_terence
D:3:      gammafunk_pakellas_statue_experiment, mrwooster_statue_mirror,
          hangedman_decor_clover_reticule, hangedman_decor_riveting,
          serial_bayou_pond_b, uniq_crazy_yiuf_cottage, uniq_grinder
D:4:      first_bread, minmay_close_crescents
D:5:      lemuel_ice_spiral_2, minitemple, gammafunk_temple_overflow_wave,
          serial_glass, glass_columns_b, glass_columns_b, item_on_display_a,
          item_on_display_a, basic_altar, lexackson_kobold_supper, uniq_sigmund
D:6:      minmay_temple_entry_overgrown, makhleb_blood_cavern_becter,
          uniq_eustachio
D:7:      lemuel_ice_statue, the_bakery
D:8:      uniq_pikel, uniq_erica
D:9:      fedhas_altar_2, lair_0_dummy
D:10:     serial_glass, glass_columns_c, glass_columns_b, glass_columns_a,
          glass_columns_a, glass_columns_b, glass_columns_a, enter_bailey_1,
          lightli_church_of_beogh, uniq_urug
D:11:     minmay_orc_entry_temple_small, nicolae_trove_entry_crossroad,
          nicolae_island_escapes
D:13:     david_vaults_2, uniq_sonja
D:14:     minivault_14
D:15:     hangedman_depths_entry_civil_slaughter, serial_bayou_lagoon_a,
          grunt_dithmenos_smoke
Lair:2:   basic_altar, hangedman_lair_unloving_vines, lemuel_fruit_fields,
          serial_bayou_shore_b
Lair:3:   minmay_swamp_entry_swarm, enter_volcano_1,
          cheibrodos_lair_reptile_den, grunt_megastairs_1
Lair:4:   dummy_spider_entry, portal_ice_cave_entry_imps
Lair:5:   slime_altar_1, lab_entry_generic, infiniplex_staircase_pool_2
Lair:6:   grunt_lair_end_beastmaster
Swamp:1:  evilmike_swamp_ruin_house_6, uniq_nikola
Swamp:2:  cheibrodos_swamp_tower_of_moss, hangedman_swamp_ruin_wall
Swamp:3:  hangedman_swamp_diagram, swamp_pool1
Swamp:4:  swamp_pestilence, swamp_pool1, grunt_witch_cave,
          infiniplex_staircase_pool
Spider:1: uniq_frances, uniq_azrael, uniq_aizul
Spider:3: nicolae_orb_island, uniq_arachne, uniq_asterion, uniq_louise
Spider:4: grunt_spider_rune_circles
Orc:1:    serial_shops, shop, uniq_fannar, uniq_erolcha
Orc:2:    grunt_orc_gardens, grunt_orc_garden, grunt_orc_garden,
          grunt_orc_garden, grunt_orc_garden, serial_shops, shop
Elf:1:    elf_arrival_002, minmay_elf_annihilation
Lab:      labyrinth_spiral, nicolae_lab_arrow, labyrinth_lava_lair,
          labyrinth_skeletal_remains
Bailey:   bailey_axe_1, bailey
IceCv:    ice_cave_caverns_02
Volcano:  volcano_overflow

Skill      XL: |  1  2  3  4  5  6  7  8  9 10 11 12 13 14 15 16 17 18 |
---------------+-------------------------------------------------------+-----
Axes           | 3 4 5 6 8 9 11 12 13 14 15 16 17 18 | 18.1
Dodging        | 3 4 5 |  5.1
Fighting       | 3 4 5 6 7 8 9 10 11 12 13 14 | 14.2
Armour         | 2 4 6 7 8 9 10 11 12 | 12.4
Invocations    | 2 6 8 10 11 12 13 14 | 14.6
Long Blades    | 1 4 6 7 8 9 10 | 10.5
Translocations | 1 3 5 6 |  6.4
Charms         | 1 3 4 5 |  5.6
Evocations     | 3 5 6 |  6.4
Spellcasting   | 3 4 6 |  6.1
Throwing       | |  1.7

Action                   |  1- 3 |  4- 6 |  7- 9 | 10-12 | 13-15 | 16-18 || total
-------------------------+-------+-------+-------+-------+-------+-------++-------
Melee: War axe           |    86 |   173 |   223 |   445 |  1034 |  1243 ||  3204
       Headbutt          |       |     5 |    66 |   103 |   222 |   292 ||   688
       Battleaxe         |       |       |    84 |    55 |       |       ||   139
       Scimitar          |       |       |       |     2 |    12 |    26 ||    40
       Kick              |       |       |       |       |     3 |   403 ||   406
Throw: Throwing net      |       |       |       |       |       |     1 ||     1
Invok: Elemental Force   |       |       |       |       |       |     1 ||     1
       Disaster Area     |       |       |       |       |       |     1 ||     1
Evoke: Wand              |       |       |       |       |     1 |     1 ||     2
  Use: Scroll            |     5 |     4 |     6 |    17 |    19 |    13 ||    64
       Potion            |     2 |     1 |     5 |     8 |    16 |    18 ||    50
 Stab: Sleeping          |     1 |     9 |     4 |       |       |       ||    14
       Distracted        |       |     1 |       |       |       |     1 ||     2
       Petrified         |       |       |       |       |     7 |       ||     7
       Petrifying        |       |       |       |       |     1 |       ||     1
       Confused          |       |       |       |       |       |     1 ||     1
       Invisible         |       |       |       |       |       |     3 ||     3
  Eat: Chunk             |       |     5 |     9 |    26 |    48 |    28 ||   116
       Beef jerky        |       |       |       |       |     2 |     2 ||     4
       Fruit             |       |       |       |       |       |     1 ||     1
Armor: Leather armour    |    29 |    37 |    21 |       |       |       ||    87
       Plate armour      |       |       |   104 |       |       |       ||   104
       Crystal plate arm |       |       |    66 |   403 |   569 |  1083 ||  2121
Dodge: Dodged            |    68 |   152 |   187 |   105 |   264 |   259 ||  1035
       Deflected         |       |       |       |    18 |    14 |    11 ||    43
Block: Other             |       |       |     4 |   110 |   306 |   433 ||   853
